Map: Efflorescence LE

Players

slonofanya - Winner!

  • Race: Protoss Protoss
  • League: Platinum
  • Spawn Location: 12:00

nexus - Winner!

  • Race: Zerg Zerg
  • League: Platinum
  • Spawn Location: 3:00

kasm

  • Race: Zerg Zerg
  • League: Diamond
  • Spawn Location: 9:00

PeLLy

  • Race: Zerg Zerg
  • League: Diamond
  • Spawn Location: 6:00

VOD

Have the link to the VOD?

Description

Time

  • Played on: Aug. 16, 2019, 1:57 p.m.
  • Length: 10:38
Show
View Real Time Build Order
Export as new Build Order

slonofanya Protoss - Winner!

Build Orders:  

Get SALT Encoding   

  12  0:00  Probe  
  13  0:12  Probe  
  14  0:19  Pylon  
  14  0:24  Probe  
  15  0:37  Probe  
  15  0:40  Gateway  
  16  0:46  Assimilator  
  16  0:48  Probe  
  17  0:57  Probe  
  18  1:05  Probe  
  19  1:15  Probe  
  20  1:27  Cybernetics Core, Probe  
  20  1:30  Gateway  
  21  1:34  Pylon  
  21  1:40  Pylon  
  21  1:45  Assimilator  
  21  1:53  Stalker  
  21  2:06  Probe  
  24  2:09  Adept  
  24  2:11  Warp Gate  
  24  2:18  Probe  
  27  2:23  Adept  
  29  2:31  Probe  
  29  2:35  Robotics Facility  
  30  2:41  Adept  
  32  3:13  Adept  
  32  3:16  Probe  
  32  3:17  Nexus  
  35  3:22  Warp Prism  
  35  3:26  Sentry  
  39  3:40  Pylon  
  39  3:58  Twilight Council  
  39  4:01  Pylon  
  39  4:28  Probe  
  39  4:30  Immortal  
  30  4:38  Adept x2, Probe  
  31  4:40  Probe  
  40  4:46  Gateway  
  38  4:59  Stalker x2  
  42  5:04  Immortal  
  42  5:08  Charge  
  46  5:23  Probe x2  
  46  5:26  Assimilator  
  48  5:34  Probe  
  49  5:35  Probe  
  49  5:42  Pylon, Probe  
  51  5:50  Probe  
  52  5:58  Probe  
  52  6:02  Probe  
  54  6:04  Templar Archives  
  54  6:08  Gateway  
  54  6:10  Gateway  
  54  6:13  Probe  
  54  6:14  Probe  
  54  6:15  Observer  
  57  6:25  Probe  
  58  6:26  Probe  
  58  6:28  Gateway  
  58  6:32  Zealot  
  61  6:37  Pylon, Probe  
  62  6:44  Pylon, Assimilator  
  62  6:47  Gateway  
  62  6:55  Probe x2  
  64  7:03  Pylon  
  64  7:06  Pylon  
  64  7:07  Immortal  
  68  7:10  Adept  
  68  7:11  Adept  
  68  7:14  Adept  
  74  7:17  Adept  
  76  7:27  Probe x2  
  78  7:51  Probe x2  
  78  8:03  Probe x2  
  80  8:10  Gateway  
  80  8:12  Gateway  
  80  8:15  Gateway, High Templar x5  
  80  8:16  High Templar  
  92  8:22  Probe  
  92  8:23  Probe  
  92  8:24  Archon x3  
  94  8:33  Pylon  
  93  8:35  Pylon  
  93  8:39  Pylon  
  93  8:41  Probe  
  93  8:45  Gateway  
  93  8:46  Gateway  
  94  8:49  Pylon  
  94  8:51  Probe  
  94  8:52  Pylon  
  95  8:55  High Templar x2  
  95  8:56  High Templar  
  95  8:57  Zealot x4  
  95  8:58  Psionic Storm  
  109  9:03  Archon  
  109  9:31  Zealot x3  
  109  9:32  Zealot x3  
  121  9:42  Zealot x3  
  121  9:43  Zealot x2  
  131  9:55  Probe x2  
  133  10:11  Pylon  
  133  10:16  Nexus  
  133  10:17  Pylon  
  133  10:19  Assimilator  
  131  10:23  Assimilator  
Show
View Real Time Build Order
Export as new Build Order

nexus Zerg - Winner!

Build Orders: Hatch First 

Get SALT Encoding   

  12  0:01  Drone  
  13  0:12  Overlord  
  13  0:18  Drone  
  14  0:31  Drone x2  
  14  0:35  Drone  
  17  0:47  Drone  
  18  0:58  Hatchery  
  18  1:00  Extractor  
  18  1:01  Drone  
  17  1:16  Spawning Pool  
  16  1:23  Drone x2  
  18  1:36  Overlord  
  18  1:54  Drone  
  19  2:03  Metabolic Boost  
  19  2:07  Spine Crawler  
  19  2:08  Queen, Zergling x4  
  22  2:19  Queen  
  22  2:22  Zergling x2  
  25  2:25  Zergling x2  
  25  2:29  Zergling x2  
  27  2:37  Zergling x4  
  25  2:59  Queen  
  25  3:04  Drone  
  25  3:05  Drone x3  
  31  3:13  Baneling Nest  
  30  3:29  Drone x4  
  34  3:39  Lair  
  34  3:42  Zergling x2  
  34  3:48  Overlord  
  35  3:52  Drone  
  36  4:00  Overlord x2  
  36  4:06  Baneling x3  
  36  4:07  Baneling  
  36  4:10  Drone x2  
  33  4:40  Zergling x2  
  33  4:41  Zergling x12  
  39  4:47  Zergling x4  
  39  4:57  Queen  
  41  5:00  Baneling x3  
  41  5:02  Zergling x4  
  32  5:22  Drone x4  
  36  5:29  Zergling x2  
  36  5:34  Baneling x2  
  36  5:35  Baneling x2  
  37  5:48  Zergling x2  
  37  5:49  Drone x3  
  41  5:59  Drone x2  
  41  6:01  Extractor  
  41  6:02  Extractor  
  41  6:13  Drone x2, Roach Warren  
  41  6:14  Drone  
  43  6:25  Drone x2  
  45  6:26  Queen  
  45  6:30  Zergling x2  
  48  6:35  Drone x3  
  51  6:40  Drone  
  51  6:43  Overseer  
  52  6:53  Glial Reconstitution  
  52  6:55  Roach x3  
  52  7:00  Centrifical Hooks  
  51  7:33  Roach x5  
  51  7:36  Overlord  
  58  7:41  Lair  
  58  7:57  Hatchery  
  57  8:02  Ravager x4  
  61  8:09  Roach  
  61  8:10  Roach x2  
  61  8:11  Overlord x2  
  67  8:24  Overlord x4  
  67  8:25  Overlord x2  
  67  8:29  Roach  
  69  8:46  Roach x7  
  83  8:50  Extractor  
  82  9:17  Roach  
  82  9:18  Roach x7  
  82  9:21  Hatchery  
  97  9:44  Roach x8  
  113  9:56  Zergling x2  
  113  9:57  Zergling x2  
  115  10:10  Hatchery  
Show
View Real Time Build Order
Export as new Build Order

kasm Zerg 

Build Orders: Pool First 

Get SALT Encoding   

  12  0:09  Extractor  
  11  0:22  Spawning Pool  
  10  0:31  Drone x2  
  12  0:40  Drone  
  13  0:45  Drone  
  14  0:59  Overlord  
  14  1:16  Metabolic Boost  
  14  1:25  Queen  
  16  1:29  Zergling x2  
  16  1:31  Zergling x2  
  18  1:35  Zergling x2  
  19  1:41  Zergling x2  
  20  1:55  Zergling x2  
  21  2:02  Zergling x2  
  22  2:40  Overlord x3  
  17  3:01  Zergling x6  
  20  3:38  Zergling x12  
  20  3:40  Hatchery  
  25  4:05  Hatchery  
  25  4:09  Spore Crawler  
  23  4:12  Zergling x8  
  17  4:32  Zergling x4  
  19  4:40  Zergling x4  
  21  4:50  Zergling x2  
  22  5:04  Zergling x2  
  22  5:05  Zergling x6  
  23  5:21  Zergling x2  
  23  5:22  Zergling x2  
  25  5:32  Drone x2  
  21  5:47  Zergling x2  
  21  5:48  Zergling x4  
  24  6:03  Drone  
  24  6:04  Drone x2  
  26  6:10  Drone  
  28  6:15  Drone  
  29  6:18  Drone  
  29  6:22  Drone  
  31  6:26  Drone  
  31  6:30  Drone  
  33  6:35  Drone  
  33  6:37  Drone  
  35  6:40  Drone  
  35  6:46  Drone x2  
  38  6:49  Drone  
  38  6:52  Drone  
  41  6:54  Drone  
  41  6:58  Drone  
  40  7:36  Zergling x4  
  39  8:02  Drone x2  
  41  8:09  Extractor  
  40  8:13  Extractor, Queen, Lair  
  40  8:15  Overlord x2  
  40  8:16  Overlord x2  
  41  8:37  Drone x6  
  41  8:38  Drone x6  
  53  8:42  Spore Crawler  
  52  8:49  Drone x3  
  57  9:12  Roach Warren  
  51  9:34  Hydralisk Den  
  46  9:58  Overlord x3  
  46  10:06  Roach  
  50  10:07  Roach  
  50  10:09  Overlord x4  
Show
View Real Time Build Order
Export as new Build Order

PeLLy Zerg 

Build Orders: 1 Base Baneling Bust, Pool First, Zergling Baneling 

Get SALT Encoding   

  12  0:01  Drone  
  13  0:14  Overlord  
  14  0:21  Drone  
  14  0:30  Extractor, Drone  
  14  0:36  Drone  
  15  0:46  Spawning Pool  
  15  0:48  Drone  
  15  0:56  Drone  
  16  0:59  Drone  
  17  1:08  Overlord  
  17  1:20  Drone  
  18  1:33  Metabolic Boost  
  18  1:34  Queen  
  18  1:35  Zergling x2  
  21  1:41  Zergling x2  
  22  1:54  Zergling x2  
  23  2:03  Zergling x2  
  24  2:14  Zergling x2  
  25  2:25  Zergling x2  
  26  2:36  Zergling x2  
  27  2:41  Baneling Nest  
  26  2:48  Hatchery  
  24  3:04  Zergling x6  
  26  3:12  Drone  
  27  3:18  Overlord  
  27  3:25  Baneling x5  
  27  3:35  Zergling x2  
  28  3:44  Zergling x8  
  32  3:59  Drone  
  33  4:13  Zergling x2  
  33  4:14  Zergling x10  
  28  4:39  Drone x7  
  32  4:53  Baneling x3  
  32  5:02  Drone x4  
  31  5:22  Zergling x2  
  31  5:23  Zergling x6  
  31  5:26  Queen  
  37  5:33  Drone x2  
  39  5:42  Hatchery  
  38  5:49  Zergling x2  
  40  5:50  Zergling x6  
  40  5:55  Drone x2  
  40  5:57  Overlord  
  44  5:59  Extractor  
  44  6:01  Extractor  
  42  6:04  Extractor  
  42  6:06  Roach Warren  
  42  6:08  Zergling x2  
  42  6:09  Zergling x2  
  43  6:14  Drone x2, Evolution Chamber  
  44  6:19  Queen  
  46  6:29  Drone  
  46  6:30  Drone  
  46  6:31  Drone  
  49  6:34  Baneling x11  
  49  6:52  Drone x3  
  49  6:53  Overlord x2  
  49  6:54  Overlord x2  
  52  7:03  Zergling x2  
  52  7:04  Zergling x8  
  58  7:15  Zergling x2  
  58  7:16  Zergling x8  
  53  7:32  Zergling x2  
  53  7:33  Zergling x14  
  61  7:38  Drone x2  
  63  7:46  Drone x5  
  63  7:51  Lair  
  68  8:04  Baneling x8  
  68  8:11  Drone  
  68  8:12  Drone x6  
  75  8:15  Zerg Melee Weapons Level 1  
  75  8:33  Spore Crawler  
  73  8:34  Spore Crawler  
  73  8:55  Extractor, Roach  
  73  8:56  Extractor, Roach x9  
  73  9:01  Spine Crawler  
  88  9:02  Spine Crawler  
  88  9:03  Glial Reconstitution  
  88  9:05  Overlord  
  88  9:06  Overlord  
  88  9:09  Baneling  
  87  9:10  Baneling x4  
  87  9:20  Overlord x3  
  87  9:27  Roach x3  
  93  9:42  Roach  
  93  9:43  Roach x6  
  107  9:50  Evolution Chamber  
  104  9:56  Roach x4  
  112  10:00  Drone  
  112  10:01  Drone x2  
Tags
 
Add a new tag
Caveats
  • Supply blocks, unpowered buildings, or Contaminate may cause inaccurate times.
  • Supply counts are checked every 10 seconds.